[Event "Titled Tuesday Blitz March 07 Late 2023"]
[White "Oganian, Miran"]
[Black "Gonzalez, Francisco Silva"]
[WhiteFideId "4122488"]
[BlackFideId "1512285"]
[WhiteElo "2323"]
[BlackElo "2074"]
[Result "1-0"]
[Round "01"]
[TimeControl "180+2"]
[Date "2023.03.07"]
[WhiteClock "0:02:24"]
[BlackClock "0:00:08"]

1. e4 e5 2. Nf3 Nc6 3. Nc3 Nf6 4. d4 Bb4 5. d5 Ne7 6. Bd3 Ng6 7. a3 Ba5 8. b4 Bb6 9. Be3 d6 10. Qe2 Bd7 11. g3 Bg4 12. h3 Bd7 13. a4 h6 14. a5 Bxe3 15. Qxe3 a6 16. O-O-O Qc8 17. Nh4 Bxh3 18. Nxg6 fxg6 19. f4 Bg4 20. Rdf1 Nd7 21. f5 g5 22. Be2 Nf6 23. Bxg4 Nxg4 24. Qe2 Nf6 25. Nd1 c6 26. Ne3 c5 27. b5 axb5 28. Qxb5+ Qd7 29. Nc4 Ke7 30. Qb3 b5 31. Nb6 c4 32. Qb4 Qb7 33. Nxc4 Nxe4 34. Nxe5 Qxd5 35. Ng6+ Kf6 36. Qb2+ Kf7 37. Rd1 Qxf5 38. Rhf1 Nf2 39. Qd4 Kxg6 40. Rxf2 Qe5 41. Qd3+ Kh5 42. g4+ Kh4 43. Rh1+ Kxg4 44. Qh3# 1-0


[Site "https://www.chess.com"]

[Event "Titled Tuesday Blitz March 07 Late 2023"]
[White "Mazurkiewicz, Michal"]
[Black "Pakleza, Zbigniew"]
[WhiteFideId "1124943"]
[BlackFideId "1119290"]
[WhiteElo "2054"]
[BlackElo "2410"]
[Result "0-1"]
[Round "01"]
[TimeControl "180+2"]
[Date "2023.03.07"]
[WhiteClock "0:00:02"]
[BlackClock "0:00:29"]

1. e4 d6 2. Nf3 Nf6 3. d3 Bg4 4. g3 e6 5. Bg2 Be7 6. O-O O-O 7. h3 Bh5 8. Re1 d5 9. e5 Nfd7 10. c3 c5 11. Nbd2 Nc6 12. g4 Bg6 13. Nf1 b5 14. Ng3 Rc8 15. Qe2 Re8 16. Nh2 Ndxe5 17. f4 Bh4 18. fxe5 Bxg3 19. Rf1 Nxe5 20. Rd1 Nc6 21. a4 b4 22. a5 Nxa5 23. Be3 bxc3 24. bxc3 Bb8 25. Rdb1 c4 26. Rb5 cxd3 27. Qf2 Nc4 28. Bxa7 Bxa7 29. Qxa7 Ra8 30. Qxa8 Qxa8 31. Rxa8 Rxa8 32. Nf1 d2 33. Bf3 Bc2 34. Kf2 h6 0-1


[Site "https://www.chess.com"]

[Event "Titled Tuesday Blitz March 07 Late 2023"]
[White "Holt, Conrad"]
[Black "Koutlas, Nikolaos"]
[WhiteFideId "2034387"]
[BlackFideId "25827138"]
[WhiteElo "2592"]
[BlackElo "2215"]
[Result "1-0"]
[Round "01"]
[TimeControl "180+2"]
[Date "2023.03.07"]
[WhiteClock "0:02:29"]
[BlackClock "0:01:08"]

1. d4 Nf6 2. c4 e6 3. Nc3 Bb4 4. Qc2 d6 5. Nf3 c5 6. dxc5 Bxc5 7. Bg5 h6 8. Bh4 Nc6 9. e3 g5 10. Bg3 h5 11. h4 g4 12. Ng5 Ne5 13. O-O-O Qa5 14. Qa4+ Qxa4 15. Nxa4 Nfd7 16. a3 a5 17. Ne4 Ke7 18. Naxc5 dxc5 19. Nxc5 Nxc4 20. Bxc4 Nxc5 21. Bd6+ 1-0


[Site "https://www.chess.com"]

[Event "Titled Tuesday Blitz March 07 Late 2023"]
[White "Slade, Theodore"]
[Black "Melkumyan, Hrant"]
[WhiteFideId "426547"]
[BlackFideId "13302485"]
[WhiteElo "1964"]
[BlackElo "2604"]
[Result "0-1"]
[Round "01"]
[TimeControl "180+2"]
[Date "2023.03.07"]
[WhiteClock "0:00:04"]
[BlackClock "0:00:31"]

1. d4 Nf6 2. c4 g6 3. Nc3 Bg7 4. e4 d6 5. Nf3 O-O 6. Be2 c5 7. O-O Re8 8. Re1 cxd4 9. Nxd4 Nc6 10. Be3 Bd7 11. f3 Nxd4 12. Bxd4 a5 13. Qd2 a4 14. b3 Qa5 15. Rab1 axb3 16. axb3 Be6 17. Red1 Rec8 18. Nd5 Qxd2 19. Rxd2 Bxd5 20. exd5 Nd7 21. Be3 Ra3 22. Kf2 Bc3 23. Rc2 Bb4 24. Rbb2 Rca8 25. f4 Nc5 26. Bxc5 Bxc5+ 27. Kf3 h5 28. g3 Kg7 29. Kg2 Kf6 30. Bf1 Bd4 31. Rb1 Ra2 32. Rxa2 Rxa2+ 33. Kh3 Rf2 34. Rd1 Bc5 35. Ra1 Rb2 36. Bd3 Rxb3 37. Be4 Re3 38. Bg2 Rc3 39. Ra4 Be3 40. Kh4 Bg1 41. Kh3 Rc2 42. Rb4 b6 43. Ra4 Bc5 44. Be4 Rc3 45. Kg2 h4 46. gxh4 Be3 47. Kf3 Bg1+ 48. Kg2 Bc5 49. Bf3 Kf5 50. h5 Kxf4 51. hxg6 fxg6 52. Be2 Rc2 53. Kf1 Ke3 54. Bg4 Rxh2 55. Ra7 Rf2+ 56. Kg1 Rf4 57. Be6 Rxc4 58. Rxe7 b5 59. Rg7 g5 60. Kf1 Rf4+ 61. Ke1 Rh4 62. Kd1 Rh1+ 63. Kc2 Rg1 64. Rb7 b4 65. Rg7 Kd4 66. Kb3 Rg3+ 67. Kb2 Kc4 68. Rf7 Bd4+ 69. Kb1 b3 70. Rf1 Kb4 71. Re1 Ka3 72. Rd1 Bc3 73. Rf1 Rg2 74. Bf5 Ra2 75. Kc1 Bd2+ 76. Kb1 Rb2+ 77. Ka1 Bc3 78. Rc1 Ra2+ 79. Kb1 Ra1# 0-1


[Site "https://www.chess.com"]

[Event "Titled Tuesday Blitz March 07 Late 2023"]
[White "Kosakowski, Jakub"]
[Black "Dzida, Kamil"]
[WhiteFideId "1185080"]
[BlackFideId "21828652"]
[WhiteElo "2488"]
[BlackElo "2139"]
[Result "1-0"]
[Round "01"]
[TimeControl "180+2"]
[Date "2023.03.07"]
[WhiteClock "0:00:22"]
[BlackClock "0:00:12"]

1. Nf3 Nf6 2. g3 b6 3. Bg2 Bb7 4. O-O c5 5. b3 e6 6. Bb2 Be7 7. c4 O-O 8. d4 cxd4 9. Qxd4 d6 10. Nc3 a6 11. Rfd1 Nbd7 12. Ng5 Bxg2 13. Kxg2 Qc7 14. Nge4 Rfd8 15. Kg1 Nc5 16. b4 Ncxe4 17. Nxe4 d5 18. cxd5 Rxd5 19. Qe3 Nxe4 20. Qxe4 Rxd1+ 21. Rxd1 Rd8 22. Rc1 Qd7 23. Kg2 Bf8 24. Rc6 a5 25. b5 Qd2 26. Bc3 Qxa2 27. Rxb6 a4 28. Ra6 a3 29. b6 Qb3 30. Be5 Qb5 31. Bc7 Qxa6 32. Bxd8 a2 33. b7 Qxb7 34. Qxb7 a1=Q 35. Qb8 Qd4 36. Be7 Qd5+ 37. f3 1-0


[Site "https://www.chess.com"]

[Event "Titled Tuesday Blitz March 07 Late 2023"]
[White "Sreyas Payyappat"]
[Black "Hamidi, Amir Mohammad"]
[WhiteFideId "46674969"]
[BlackFideId "12563285"]
[WhiteElo "2083"]
[BlackElo "2228"]
[Result "0-1"]
[Round "01"]
[TimeControl "180+2"]
[Date "2023.03.07"]
[WhiteClock "0:00:12"]
[BlackClock "0:00:46"]

1. e4 c5 2. Nf3 d6 3. d4 cxd4 4. Nxd4 Nf6 5. Nc3 a6 6. h4 e5 7. Nb3 Qc7 8. Bg5 Nbd7 9. f4 h6 10. Bxf6 Nxf6 11. f5 b6 12. g4 Bb7 13. Bg2 Rc8 14. Qe2 Qc4 15. Qe3 Nxg4 16. Qg3 Nf6 17. O-O-O b5 18. Na5 Qc7 19. Nxb7 Qxb7 20. Nd5 Nxd5 21. Rxd5 Qc7 22. Rd2 Qa5 23. a3 b4 24. axb4 Qa1# 0-1


[Site "https://www.chess.com"]

[Event "Titled Tuesday Blitz March 07 Late 2023"]
[White "Real_OceanStorm"]
[Black "Shohat, Yotam"]
[BlackFideId "2813955"]
[WhiteElo "2782"]
[BlackElo "2226"]
[Result "1-0"]
[Round "01"]
[TimeControl "180+2"]
[Date "2023.03.07"]
[WhiteClock "0:00:05"]
[BlackClock "0:00:03"]

1. e4 c5 2. d4 cxd4 3. Qxd4 Nc6 4. Qe3 Nf6 5. Nf3 d6 6. Bb5 Bd7 7. O-O a6 8. Be2 Ng4 9. Qb3 Rb8 10. Ng5 Nge5 11. Be3 h6 12. Nf3 Nxf3+ 13. Bxf3 g6 14. Nc3 b5 15. Nd5 Bg7 16. c3 e6 17. Nb4 a5 18. Nxc6 Bxc6 19. Rad1 Qc7 20. Bf4 Be5 21. Bxe5 dxe5 22. Rd3 Ke7 23. Rfd1 Rhd8 24. Qc2 Rxd3 25. Qxd3 Rd8 26. Qe3 Rxd1+ 27. Bxd1 Qd6 28. Be2 h5 29. g3 a4 30. a3 f5 31. Qh6 Bxe4 32. Qxg6 Qd2 33. Qg7+ Kd6 34. Qf8+ Kc7 35. Qc5+ Bc6 36. Qxe5+ Kb7 37. Bf1 Qxb2 38. Qc5 Qc1 39. Qe7+ Kb6 40. Qxe6 h4 41. c4 h3 42. cxb5 1-0


[Site "https://www.chess.com"]

[Event "Titled Tuesday Blitz March 07 Late 2023"]
[White "Elissalt Cardenas, Hector"]
[Black "Harsh Suresh"]
[WhiteFideId "3500632"]
[BlackFideId "45018464"]
[WhiteElo "2202"]
[BlackElo "2227"]
[Result "0-1"]
[Round "01"]
[TimeControl "180+2"]
[Date "2023.03.07"]
[WhiteClock "0:01:12"]
[BlackClock "0:01:21"]

1. d4 Nf6 2. c4 e6 3. Nc3 Bb4 4. Bd2 O-O 5. Qc2 d5 6. cxd5 exd5 7. e3 c6 8. Bd3 Re8 9. Nge2 Bg4 10. Ng3 Nbd7 11. h3 Be6 12. O-O g6 13. Nce2 Bd6 14. b4 a6 15. f3 Qc7 16. f4 b5 17. a4 Nb6 18. f5 Bxg3 19. fxe6 Rxe6 20. axb5 cxb5 21. Nf4 Qxc2 22. Bxc2 Bxf4 23. Rxf4 Nc4 24. Bd3 Nxd2 0-1


[Site "https://www.chess.com"]

[Event "Titled Tuesday Blitz March 07 Late 2023"]
[White "Milikow, Yoav"]
[Black "Gasparyan, David"]
[WhiteFideId "2822237"]
[BlackFideId "13311980"]
[WhiteElo "2410"]
[BlackElo "2439"]
[Result "1-0"]
[Round "01"]
[TimeControl "180+2"]
[Date "2023.03.07"]
[WhiteClock "0:00:26"]
[BlackClock "0:00:07"]

1. c4 c5 2. Nc3 Nc6 3. g3 g6 4. Bg2 Bg7 5. Nf3 Nf6 6. d4 cxd4 7. Nxd4 O-O 8. O-O Qb6 9. Nb3 d6 10. Bg5 Qd8 11. Rc1 Bf5 12. Qd2 Rc8 13. Nd5 Ne4 14. Bxe4 Bxe4 15. Ne3 h6 16. f3 hxg5 17. fxe4 Ne5 18. Kg2 g4 19. Nd4 Bh6 20. b3 e6 21. Rcd1 Qg5 22. Ndc2 Rfd8 23. Qe1 Qh5 24. Qf2 Bg5 25. Kg1 Kg7 26. Ng2 Qh6 27. Nf4 Rd7 28. Ne1 Rh8 29. Ned3 Re7 30. Qg2 Nxd3 31. Rxd3 Rd8 32. e5 d5 33. cxd5 exd5 34. Rxd5 Rde8 35. Qe4 Rh8 36. Rf2 Rc8 37. Rd1 Rce8 38. e6 Bxf4 39. Qd4+ f6 40. Rxf4 Rxe6 41. Rdf1 Qg5 42. R1f2 R8e7 43. Rxg4 Qc1+ 44. Kg2 Qc6+ 45. e4 Rxe4 46. Rxe4 Rxe4 47. Qd1 Re1+ 48. Qf3 Qxf3+ 49. Kxf3 Re5 50. g4 Re7 51. Rc2 Rc7 52. Rxc7+ Kh6 53. Rxb7 a5 54. h4 a4 55. bxa4 g5 56. h5 f5 57. gxf5 g4+ 58. Kf4 g3 59. Kxg3 Kg5 60. a5 Kf6 61. a6 1-0


[Site "https://www.chess.com"]

[Event "Titled Tuesday Blitz March 07 Late 2023"]
[White "Kraus, Tomas"]
[Black "Mahdavi, Reza"]
[WhiteFideId "331708"]
[BlackFideId "12595926"]
[WhiteElo "2389"]
[BlackElo "2208"]
[Result "0-1"]
[Round "01"]
[TimeControl "180+2"]
[Date "2023.03.07"]
[WhiteClock "0:00:01"]
[BlackClock "0:00:04"]

1. e4 c5 2. Nc3 e6 3. f4 Nc6 4. d3 a6 5. Nf3 b5 6. g3 Bb7 7. Bg2 d6 8. O-O Nge7 9. Be3 Qc7 10. d4 cxd4 11. Nxd4 Nxd4 12. Bxd4 Nc6 13. Be3 Be7 14. Qg4 O-O 15. f5 Ne5 16. Qh3 b4 17. Na4 exf5 18. Nb6 Rad8 19. Qxf5 Qxc2 20. Rac1 Qd3 21. Rfe1 Bf6 22. Rcd1 Qb5 23. Nd5 Bxd5 24. exd5 Rfe8 25. Be4 Ng6 26. Bf4 Bxb2 27. h4 Be5 28. h5 Nf8 29. Rf1 Bxf4 30. Rxf4 Re7 31. Rdf1 Rde8 32. h6 Qc5+ 33. Kg2 Qd4 34. Qg5 Rxe4 35. hxg7 Ng6 36. Rxf7 Re2+ 37. Kh3 Qd2 38. Rf8+ Kxg7 39. Qf6+ Kh6 40. Rh1 Qxd5 41. Rxe8 Qxh1+ 0-1


[Site "https://www.chess.com"]

[Event "Titled Tuesday Blitz March 07 Late 2023"]
[White "Burg, Twan"]
[Black "Mujumdar, Sameer"]
[WhiteFideId "1010697"]
[BlackFideId "2029707"]
[WhiteElo "2422"]
[BlackElo "2104"]
[Result "1-0"]
[Round "01"]
[TimeControl "180+2"]
[Date "2023.03.07"]
[WhiteClock "0:02:13"]
[BlackClock "0:00:22"]

1. e4 c5 2. Nf3 d6 3. d4 cxd4 4. Nxd4 Nf6 5. Nc3 a6 6. Bg5 e6 7. f4 Be7 8. Qf3 Qc7 9. O-O-O Nbd7 10. Bd3 b5 11. Rhe1 Bb7 12. Nd5 exd5 13. Nf5 dxe4 14. Bxe4 Bxe4 15. Rxe4 Nxe4 16. Qxe4 O-O 17. Nxe7+ Kh8 18. Rd3 f5 19. Qe6 h6 20. Rh3 Nf6 21. Bxh6 gxh6 22. Rxh6+ Kg7 23. Rg6+ Kh7 24. Rxf6 Rxf6 25. Qxf6 1-0


[Site "https://www.chess.com"]

[Event "Titled Tuesday Blitz March 07 Late 2023"]
[White "Saya, Ethan"]
[Black "Fier, Alexandr"]
[WhiteFideId "26095181"]
[BlackFideId "2107139"]
[WhiteElo "2150"]
[BlackElo "2610"]
[Result "0-1"]
[Round "01"]
[TimeControl "180+2"]
[Date "2023.03.07"]
[WhiteClock "0:00:06"]
[BlackClock "0:00:53"]

1. d4 Nf6 2. c4 e6 3. Nc3 Bb4 4. e3 b6 5. Bd2 Bb7 6. Nf3 O-O 7. Bd3 d5 8. cxd5 exd5 9. Rc1 Re8 10. Ne5 Nbd7 11. f4 c5 12. O-O cxd4 13. exd4 Nf8 14. Ne2 Bd6 15. Ng3 Ne4 16. Nxe4 dxe4 17. Bc4 Bxe5 18. dxe5 Bd5 19. Be3 Bxc4 20. Rxc4 f5 21. exf6 Qxf6 22. Bd4 Qf7 23. Qc2 Rad8 24. Be5 e3 25. Rc7 Re7 26. Re1 Rxc7 27. Qxc7 Qxc7 28. Bxc7 Rd3 29. Bb8 Nd7 30. Bxa7 Rd5 31. Rxe3 Rd1+ 32. Kf2 Rd2+ 33. Re2 Rd5 34. a3 Ra5 35. Bb8 Kf7 36. Be5 Rd5 37. Bc3 Nc5 38. Kf3 Rd3+ 39. Re3 Rd1 40. Re5 g6 41. g3 Rh1 42. Re2 Rf1+ 43. Kg2 Rd1 44. Kf2 Nd3+ 45. Ke3 Nc5 46. Kf3 Rf1+ 47. Rf2 Rb1 48. h4 Na4 49. Bd4 Rd1 50. Ke4 Re1+ 51. Kf3 Rd1 52. Ke4 b5 53. Rc2 Re1+ 54. Kf3 Ke6 55. Be3 Rb1 56. Bd4 Kd5 57. Bg7 Nc5 58. Rd2+ Kc6 59. Kg4 Ne4 60. Re2 Kd5 61. Re3 Rg1 62. Rd3+ Ke6 63. Re3 Kd5 64. Rd3+ Kc6 65. Re3 Nd6 66. h5 Nf5 67. Re6+ Kd7 68. Ra6 Rxg3# 0-1


[Site "https://www.chess.com"]

[Event "Titled Tuesday Blitz March 07 Late 2023"]
[White "Yanchenko, Roman"]
[Black "Brozyna, Mateusz"]
[WhiteFideId "4137329"]
[BlackFideId "21816140"]
[WhiteElo "2491"]
[BlackElo "2189"]
[Result "0-1"]
[Round "01"]
[TimeControl "180+2"]
[Date "2023.03.07"]
[WhiteClock "0:00:26"]
[BlackClock "0:00:10"]

1. d4 Nf6 2. Nf3 g6 3. c4 Bg7 4. Nc3 d6 5. Bf4 O-O 6. e3 c5 7. Be2 b6 8. O-O Bb7 9. h3 Nbd7 10. Qd2 Ne4 11. Nxe4 Bxe4 12. Rfd1 Rc8 13. Rac1 h6 14. b3 g5 15. Bg3 f5 16. dxc5 bxc5 17. Ne1 Nf6 18. f4 Ba8 19. Bf3 Ne4 20. Bxe4 Bxe4 21. Qe2 Qe8 22. Nf3 Qh5 23. Kf2 Rce8 24. Ne1 Qg6 25. Nf3 Kh8 26. Nd2 Bc6 27. Nf3 Bf6 28. Kf1 Rg8 29. fxg5 hxg5 30. Be1 g4 31. hxg4 fxg4 32. Nh4 Qh5 33. g3 Ref8 34. Kg1 Bxh4 35. Qh2 Rf3 36. Rc2 Rgf8 37. Bf2 Kg8 38. e4 Rxf2 39. Rxf2 Rxf2 40. Kxf2 Qf7+ 41. Kg1 Bf6 42. Qe2 Qg6 43. Re1 Bd4+ 44. Kg2 Kf7 45. Rf1+ Ke6 46. Rf4 Kd7 47. Qxg4+ Qxg4 48. Rxg4 Bf6 49. Kf3 Ke6 50. Rg8 Ke5 51. Rg4 Kd4 52. Rf4 Be5 53. Rh4 a5 54. Kf2 Kc3 55. g4 Bxe4 56. g5 Bd3 57. Rh3 Bd4+ 58. Ke1 Kc2 59. Rh2+ Kc3 60. Rg2 Bg6 61. Rg3+ Kb4 62. Rg2 Ka3 63. Kd1 a4 64. bxa4 Kxa4 65. Ke2 Kb4 66. Kf3 Kxc4 67. Re2 Kd3 68. Rxe7 c4 69. Re6 Bh5+ 70. Kf4 c3 71. Rxd6 c2 72. Rc6 Bc3 73. Rd6+ Ke2 74. Re6+ Kf1 75. Ke4 c1=Q 76. Kd5 Qd2+ 77. Kc6 Bf3+ 78. Kc7 Ba5+ 79. Kc8 Qc3+ 80. Kd7 Bg4 81. Ke7 Qc7+ 82. Kf6 Bxe6 83. Kxe6 Qg7 84. Kf5 Kg2 85. a4 Kh3 86. g6 Bd8 87. Ke6 Qf6+ 88. Kd5 Qxg6 89. Kc5 Qb6+ 90. Kc4 Be7 91. a5 Qc5+ 92. Kd3 Qxa5 93. Ke4 Qg5 94. Kf3 Qg3+ 95. Ke4 Kg4 96. Kd5 Qf4 97. Ke6 Bh4 98. Kd7 Bg3 99. Ke8 Qe5+ 100. Kf7 Qf5+ 101. Kg8 Qd7 102. Kh8 Kf5 103. Kg8 Kg6 104. Kf8 Qf7# 0-1


[Site "https://www.chess.com"]

[Event "Titled Tuesday Blitz March 07 Late 2023"]
[White "Meduri, Aakaash"]
[Black "Albornoz Cabrera, Carlos Daniel"]
[WhiteFideId "2032252"]
[BlackFideId "3518736"]
[WhiteElo "2113"]
[BlackElo "2501"]
[Result "0-1"]
[Round "01"]
[TimeControl "180+2"]
[Date "2023.03.07"]
[WhiteClock "0:01:52"]
[BlackClock "0:01:47"]

1. d4 d5 2. Bf4 Nf6 3. e3 g6 4. Be2 Bg7 5. h3 O-O 6. Nf3 c5 7. c3 cxd4 8. cxd4 Nc6 9. O-O Bf5 10. Nc3 Ne4 11. Qb3 Nxc3 12. bxc3 Na5 13. Qb4 Rc8 14. Rfc1 b6 15. Ne5 f6 16. Nf3 Nc4 17. a4 Qd7 18. Ra2 g5 19. Bg3 h5 20. Nd2 h4 21. Bh2 Na5 22. c4 g4 23. hxg4 Bxg4 24. Bxg4 Qxg4 25. Rac2 h3 26. Bg3 hxg2 27. Kxg2 dxc4 28. Nxc4 f5 29. Nxa5 Qe4+ 30. Kh2 Rxc2 31. Rxc2 Qxc2 32. Nc4 f4 33. exf4 Bxd4 34. Ne5 Bxf2 35. Qc4+ Qxc4 36. Nxc4 Bxg3+ 37. Kxg3 Rc8 38. Ne5 Rc5 39. Kf3 Rc3+ 40. Ke4 Ra3 41. Kf5 Rxa4 42. Nc6 Kf7 43. Nd8+ Ke8 44. Ne6 Ra5+ 45. Ke4 Kd7 46. Nf8+ Kd6 47. Ng6 Ra4+ 48. Kf5 b5 49. Ne5 b4 50. Nc4+ Kd5 51. Nb2 Ra2 52. Nd3 b3 53. Nb4+ Kc4 54. Nxa2 bxa2 0-1


[Site "https://www.chess.com"]

[Event "Titled Tuesday Blitz March 07 Late 2023"]
[White "Costachi, Mihnea"]
[Black "Marczuk, Dominik"]
[WhiteFideId "1217518"]
[BlackFideId "1111264"]
[WhiteElo "2456"]
[BlackElo "2174"]
[Result "1-0"]
[Round "01"]
[TimeControl "180+2"]
[Date "2023.03.07"]
[WhiteClock "0:00:27"]
[BlackClock "0:00:05"]

1. d4 Nf6 2. c4 g6 3. Nc3 Bg7 4. e4 d6 5. Be2 O-O 6. Bg5 Nbd7 7. Qd2 e5 8. d5 a5 9. f3 Nc5 10. g4 c6 11. h4 cxd5 12. cxd5 a4 13. h5 Bd7 14. Bh6 b5 15. Bxg7 Kxg7 16. Bxb5 Bxb5 17. Nxb5 Qb6 18. Nc3 Rab8 19. Rb1 Qb4 20. Nge2 Qc4 21. h6+ Kg8 22. O-O Rfc8 23. Rfd1 Nfd7 24. Qe3 Rb7 25. f4 f6 26. g5 fxg5 27. fxg5 Rf8 28. Rf1 Rbb8 29. Rxf8+ Rxf8 30. Rf1 Rxf1+ 31. Kxf1 Nd3 32. Nxa4 Qxa2 33. Qxd3 Qxa4 34. Nc3 Qb4 35. Qb5 Qxb5+ 36. Nxb5 Kf7 37. Nxd6+ Ke7 38. Nc4 Nc5 39. Nd2 Nd3 40. b3 Nf4 41. Nf3 Kd6 42. Kf2 Nd3+ 43. Ke3 Nc5 44. Nd2 Na6 45. Kd3 Kc5 46. Kc3 Nb4 47. Nc4 Na2+ 48. Kb2 Nb4 49. Nxe5 Kd4 50. Nxg6 Kxe4 51. d6 Kf5 52. d7 Nc6 53. Ne7+ Ke6 54. Nxc6 Kxd7 55. g6 1-0


[Site "https://www.chess.com"]

[Event "Titled Tuesday Blitz March 07 Late 2023"]
[White "Grot, Blazej"]
[Black "Barp, Alberto"]
[WhiteFideId "21835845"]
[BlackFideId "872555"]
[WhiteElo "1823"]
[BlackElo "2313"]
[Result "0-1"]
[Round "01"]
[TimeControl "180+2"]
[Date "2023.03.07"]
[WhiteClock "0:00:07"]
[BlackClock "0:00:14"]

1. e4 e6 2. d4 d5 3. exd5 exd5 4. Bd3 Nc6 5. c3 Bd6 6. h3 Nge7 7. Nf3 Bf5 8. O-O Qd7 9. Re1 f6 10. Bxf5 Qxf5 11. Nbd2 O-O-O 12. Nf1 g5 13. Ne3 Qg6 14. Qc2 Qxc2 15. Nxc2 Rde8 16. Ne3 h5 17. b4 Bf4 18. Nc2 Bxc1 19. Raxc1 Nf5 20. Rxe8+ Rxe8 21. Kf1 g4 22. hxg4 hxg4 23. Nh2 g3 24. Ng4 Rh8 25. Ke2 gxf2 26. Kxf2 Nd6 27. Nce3 Ne4+ 28. Kg1 Ne7 29. c4 dxc4 30. Nxc4 Nd5 31. a3 Ng3 32. Kf2 Ne4+ 33. Kg1 Rg8 34. Nge3 Nf4 35. Kf1 Kd7 36. Rc2 Rh8 37. Kg1 c6 38. Nd2 Ne2+ 39. Kf1 N2g3+ 40. Kg1 Rh1# 0-1


[Site "https://www.chess.com"]

[Event "Titled Tuesday Blitz March 07 Late 2023"]
[White "Bordi, Kevin"]
[Black "Rangel, Daniel"]
[WhiteFideId "621862"]
[BlackFideId "2124475"]
[WhiteElo "2753"]
[BlackElo "2256"]
[Result "0-1"]
[Round "01"]
[TimeControl "180+2"]
[Date "2023.03.07"]
[WhiteClock "0:01:02"]
[BlackClock "0:00:52"]

1. e4 c5 2. Nf3 g6 3. d4 cxd4 4. Qxd4 Nf6 5. e5 Nc6 6. Qa4 Nd5 7. Qe4 Ndb4 8. a3 d5 9. Qe2 Na6 10. h4 Bg7 11. h5 Bg4 12. Bf4 Nd4 13. Nxd4 Bxe2 14. Bxe2 O-O 15. Nc3 e6 16. O-O-O Rc8 17. Rd3 Nc5 18. Rdh3 Ne4 19. Nxe4 dxe4 20. Nb5 Qd5 21. Nc3 Qc5 22. hxg6 hxg6 23. Re3 Bxe5 24. Rxe4 Bxc3 25. bxc3 Qxc3 26. Be5 Qxc2# 0-1


[Site "https://www.chess.com"]

[Event "Titled Tuesday Blitz March 07 Late 2023"]
[White "Lacey, Patrick"]
[Black "Boyer, Mahel"]
[WhiteFideId "2032007"]
[BlackFideId "45102422"]
[WhiteElo "2422"]
[BlackElo "2439"]
[Result "1-0"]
[Round "01"]
[TimeControl "180+2"]
[Date "2023.03.07"]
[WhiteClock "0:00:12"]
[BlackClock "0:00:01"]

1. Nf3 d5 2. c4 c6 3. cxd5 cxd5 4. d4 Nc6 5. Nc3 a6 6. Qb3 Nf6 7. Bg5 e6 8. e3 Be7 9. Bd3 O-O 10. Rc1 b5 11. Bxf6 Bxf6 12. Nxd5 Bb7 13. Nxf6+ Qxf6 14. O-O Na5 15. Qd1 Rac8 16. Rxc8 Rxc8 17. Ne5 Qg5 18. g3 f6 19. h4 Qh6 20. Ng4 Qg6 21. Bxg6 hxg6 22. b3 Nc6 23. Qd2 Rd8 24. Qc3 Rd5 25. Rc1 e5 26. dxe5 f5 27. e4 Rd8 28. exf5 gxf5 29. Ne3 f4 30. Ng2 Nd4 31. Nxf4 Nf3+ 32. Kf1 1-0


[Site "https://www.chess.com"]

[Event "Titled Tuesday Blitz March 07 Late 2023"]
[White "EREBUNI91"]
[Black "Beukes, Dante M"]
[BlackFideId "15200540"]
[WhiteElo "2749"]
[BlackElo "2199"]
[Result "1-0"]
[Round "01"]
[TimeControl "180+2"]
[Date "2023.03.07"]
[WhiteClock "0:00:14"]
[BlackClock "0:00:03"]

1. e4 c5 2. Nf3 d6 3. d4 cxd4 4. Nxd4 Nf6 5. Nc3 a6 6. Bg5 e6 7. f4 h6 8. Bh4 Qb6 9. Qd2 Qxb2 10. Rb1 Qa3 11. e5 dxe5 12. fxe5 Nfd7 13. Be2 Bc5 14. Nxe6 g5 15. Nc7+ Kd8 16. Nxa8 gxh4 17. Nb6 Bxb6 18. Rxb6 Nc6 19. Rb3 Qc5 20. Rf1 Nd4 21. Rb1 Qxe5 22. Rd1 Nxe2 23. Nxe2 f5 24. Qf4 Re8 25. Qxe5 Rxe5 26. Rf4 Kc7 27. Rxh4 Nf6 28. Rxh6 Ng4 29. Rh7+ Kb6 30. Rd3 Be6 31. Kd2 Bc4 32. Rd6+ Kc5 33. Rd3 Bxd3 34. cxd3 Nf2 35. d4+ 1-0


[Site "https://www.chess.com"]

[Event "Titled Tuesday Blitz March 07 Late 2023"]
[White "dodoucb"]
[Black "Adewumi, Tanitoluwa"]
[BlackFideId "30966396"]
[WhiteElo "2416"]
[BlackElo "2746"]
[Result "0-1"]
[Round "01"]
[TimeControl "180+2"]
[Date "2023.03.07"]
[WhiteClock "0:00:11"]
[BlackClock "0:00:11"]

1. d4 Nf6 2. c4 e6 3. Nf3 b6 4. g3 Ba6 5. Nbd2 Bb4 6. e3 c6 7. a3 Bxd2+ 8. Bxd2 d5 9. Qc2 O-O 10. Rc1 Nbd7 11. Qa4 Bxc4 12. Bxc4 dxc4 13. Qxc4 c5 14. O-O cxd4 15. Qxd4 e5 16. Qh4 e4 17. Nd4 Ne5 18. Bb4 Re8 19. Rfd1 Qd7 20. Kg2 Nf3 21. Nxf3 exf3+ 22. Kg1 Qf5 23. Bc3 Ne4 24. Bd4 Ng5 25. g4 Qg6 26. Qg3 h5 27. h4 Re4 28. gxh5 Qxh5 29. Kf1 Rg4 30. Qe5 f6 31. Qd5+ Kh7 32. Qxa8 Qxh4 33. Ke1 Ne4 34. Qxe4+ Rxe4 35. Kd2 Qxf2+ 36. Kd3 f5 37. Rh1+ Kg8 38. Rc8+ Kf7 39. Rc7+ Re7 40. Rhc1 Qe2+ 0-1


[Site "https://www.chess.com"]

[Event "Titled Tuesday Blitz March 07 Late 2023"]
[White "Iliaguev, Nisim"]
[Black "Hoffmann, Asa"]
[WhiteFideId "2817276"]
[BlackFideId "2001470"]
[WhiteElo "2241"]
[BlackElo "2117"]
[Result "0-1"]
[Round "01"]
[TimeControl "180+2"]
[Date "2023.03.07"]
[WhiteClock "0:00:39"]
[BlackClock "0:00:21"]

1. d4 Nf6 2. Nf3 d6 3. g3 c6 4. Bg2 Nbd7 5. O-O e5 6. b3 e4 7. Nfd2 d5 8. e3 Be7 9. c4 O-O 10. Nc3 a6 11. a4 Bb4 12. Qc2 a5 13. Ba3 Qe7 14. Bxb4 axb4 15. Ne2 b6 16. Rfc1 Ba6 17. h4 h6 18. Nf4 g5 19. hxg5 hxg5 20. Ne2 Ng4 21. Bh3 Ndf6 22. a5 Bc8 23. Kg2 bxa5 24. cxd5 cxd5 25. Qc5 Qe6 26. Rxa5 Rxa5 27. Qxa5 Nxe3+ 28. fxe3 Qxh3+ 29. Kf2 Qh2+ 30. Ke1 Ng4 31. Nf1 Qf2+ 32. Kd2 Be6 33. Qxb4 Qf3 34. Qe7 Qf5 35. Kc3 Rc8+ 36. Kb2 Rxc1 37. Nxc1 Qxf1 38. Qxg5+ Kh7 39. b4 Qf2+ 40. Kc3 Qxe3+ 41. Qxe3 Nxe3 42. b5 Bc8 43. Ne2 Nf5 44. Nf4 Ne7 45. Kb4 Kh6 46. Kc5 Kg5 47. Kd6 Nf5+ 48. Kxd5 Bb7+ 49. Kc4 Kg4 50. d5 Kxg3 51. Ne2+ Kf2 52. Nc3 e3 53. Kc5 e2 54. Nxe2 Kxe2 55. Kb6 Bxd5 0-1


[Site "https://www.chess.com"]

[Event "Titled Tuesday Blitz March 07 Late 2023"]
[White "Pino Perez, Lazaro"]
[Black "Rorrer, Grayson"]
[WhiteFideId "3517055"]
[BlackFideId "30944996"]
[WhiteElo "2170"]
[BlackElo "2200"]
[Result "0-1"]
[Round "01"]
[TimeControl "180+2"]
[Date "2023.03.07"]
[WhiteClock "0:00:01"]
[BlackClock "0:00:04"]

1. d4 Nf6 2. Bf4 g6 3. Nc3 d5 4. e3 Bg7 5. h4 h5 6. Nf3 O-O 7. Be2 c5 8. dxc5 Qa5 9. O-O Qxc5 10. Nb5 Na6 11. c3 Bd7 12. a4 Bxb5 13. axb5 Nc7 14. Qb3 Ne6 15. Be5 Rfd8 16. Rfd1 Ne4 17. Bxg7 Nxg7 18. Bd3 e6 19. Bxe4 dxe4 20. Ng5 Nf5 21. g3 Nd6 22. b6 a6 23. Rd4 Qb5 24. Qc2 Qxb6 25. Rad1 Nf5 26. Rxd8+ Rxd8 27. Rxd8+ Qxd8 28. Nxe4 Kg7 29. Qb3 Qc7 0-1


[Site "https://www.chess.com"]